 Dungeon Crawl Stone Soup version 0.30.0-29-ga12c61a403 (webtiles) character file.

Game seed: 6702391522137232028

5137 croobank the Changer (level 10, -1/106 HPs)
             Began as an Octopode Transmuter on June 21, 2023.
             Was an Initiate of Gozag.
             Slain by a kobold demonologist
             ... wielding a +2 dagger of draining
              (4 damage)
             ... on level 8 of the Dungeon on June 22, 2023.
             The game lasted 00:40:37 (9138 turns).

croobank the Changer (Octopode Transmuter)          Turns: 9138, Time: 00:40:38

Health: -1/106     AC:  5    Str:  9    XL:     10   Next: 58%
Magic:  20/20      EV: 15    Int: 33    God:    Gozag
Gold:   176        SH:  5    Dex: 12    Spells: 15/22 levels left

rFire   + + .        c - +1 scimitar (flame)
rCold   . . .        (no shield)
rNeg    . . .        (helmet restricted)
rPois   .            o - amulet of reflection
rElec   .            f - +4 ring of protection
rCorr   .            g - ring of flight
SInv    .            h - +6 ring of intelligence
Will    .....        t - ring of protection from fire Stlth
                     u - +6 ring of intelligence
HPRegen 0.37/turn    y - ring of protection from fire
MPRegen 0.17/turn    (no ring)
                     (no ring)

%: reflection
@: berserking (expiring), flying, very quick
A: almost no armour, amphibious, 8 rings, camouflage 1, gelatinous body 1,
(nimble swimmer 1), tentacles
a: Renounce Religion, Potion Petition, Call Merchant, Bribe Branch


You were on level 8 of the Dungeon.
You worshipped Gozag.
Gozag was aware of your devotion.
You visited 1 branch of the dungeon, and saw 8 of its levels.
You also visited: Ossuary.

You collected 587 gold pieces.
You spent 304 gold pieces at shops.
You paid 107 gold pieces to Gozag.

Inventory:

Hand Weapons
 a - a +6 short sword of holy wrath
 b - a +4 sling
 c - a +1 scimitar of flaming (weapon)
 k - a +0 falchion
 l - a +0 dagger of venom
 p - a +7 scythe of protection
 C - a +1 spear of venom
 H - a +2 whip of electrocution
Missiles
 m - 9 boomerangs
 F - 6 curare-tipped darts
Magical Staves
 B - a staff of fire
Jewellery
 f - a +4 ring of protection (left tentacle)
 g - a ring of flight (right tentacle)
 h - a +6 ring of intelligence (on tentacle)
 o - an amulet of reflection (around mantle)
 t - a ring of protection from fire (on tentacle)
 u - a +6 ring of intelligence (on tentacle)
 y - a ring of protection from fire (on tentacle)
Wands
 j - a wand of polymorph (7)
 z - a wand of iceblast (5)
Scrolls
 i - a scroll of noise
 q - a scroll of fog
 r - a scroll of amnesia
 v - a scroll of silence
 w - 5 scrolls of teleportation
 D - 3 scrolls of enchant armour
Potions
 I - 2 potions of brilliance
 J - 2 potions of mutation
 K - a potion of invisibility {unknown}
 M - 2 potions of flight {unknown}


   Skills:
 + Level 7.2 Fighting
 + Level 7.4 Dodging
 - Level 3.4 Unarmed Combat
 + Level 6.8 Spellcasting
 + Level 7.5 Transmutations
 - Level 5.0 Ice Magic


You had 15 spell levels left.
You knew the following spells:

 Your Spells              Type           Power      Damage    Failure   Level
a - Beastly Appendage     Tmut           100%       N/A       1%          1
b - Wereblood             Tmut           57%        N/A       1%          2
c - Ice Form              Ice/Tmut       51%        N/A       3%          4

Your spell library contained the following spells:

 Spells                   Type           Power      Damage    Failure   Level
 Passwall                 Tmut/Erth      30%        N/A       1%          2
 Spider Form              Tmut/Pois      36%        N/A       2%          3
 Kiss of Death            Conj/Necr      44%        2d8       4%          1
 Hailstorm                Conj/Ice       27%        3d7       4%          3
 Ignite Poison            Fire/Tmut/Pois 27%        N/A       4%          3
 Cigotuvi's Dreadful Rot  Necr/Pois/Air  22%        N/A       6%          2
 Confusing Touch          Hex            11%        N/A       12%         3
 Inner Flame              Hex/Fire       11%        N/A       12%         3
 Dispel Undead            Necr           11%        3d9       36%         4
 Flame Wave               Conj/Fire      11%        2d6       36%         4
 Sticky Flame             Conj/Fire      11%        2d3       36%         4
 Freezing Cloud           Conj/Ice/Air   11%        6-21      50%         5
 Death Channel            Necr           5%         N/A       99%         6
 Necromutation            Tmut/Necr      18%        N/A       100%        8


Dungeon Overview and Level Annotations

Branches:
Dungeon (8/15)             Temple (0/1) D:7         Ossuary (visited)
   Lair: D:8-11

Altars:
Ashenzari
Gozag
Okawaru
Qazlal
Sif Muna
Uskayaw
Xom

Shops:
D:7 *?   D:8 :

Annotations:
D:6 1 runed translucent door, Crazy Yiuf


Innate Abilities, Weirdness & Mutations

You cannot wear most types of armour.
You are amphibious.
You can wear up to eight rings at the same time.
Your skin changes colour to match your surroundings (Stealth+).
Your rubbery body absorbs attacks. (AC +1, EV +1)
((You are camouflaged when in or above water. (Stealth+)))
You have tentacles for arms and can constrict up to eight enemies at once.


Message History

The five-headed hydra bites you. x2
* * * LOW HITPOINT WARNING * * *
The five-headed hydra misses you.
You block the five-headed hydra's attack.
The five-headed hydra closely misses you.
Your killer bee stings the kobold demonologist.
The kobold demonologist closely misses your killer bee.
The five-headed hydra bites you.
* * * LOW HITPOINT WARNING * * *
The five-headed hydra bites you!
* * * LOW HITPOINT WARNING * * *
The five-headed hydra barely misses you. x2
The five-headed hydra misses you.
Okay, then.
Okay, then.
Okay, then.
Okay, then.
A red film seems to cover your vision as you go berserk!
You feel yourself moving faster!
You feel mighty!
Your killer bee misses the kobold demonologist.
Your killer bee barely misses the kobold demonologist.
The kobold demonologist looks braver for a moment.
You block the five-headed hydra's attack.
The five-headed hydra closely misses you.
The five-headed hydra bites you!
* * * LOW HITPOINT WARNING * * *
The five-headed hydra completely misses you.
The five-headed hydra barely misses you.
You swap places.
You feel a strong urge to attack something.
Your killer bee closely misses the kobold demonologist.
You swap places.
The five-headed hydra closely misses your killer bee.
The five-headed hydra bites your killer bee! x3
Your killer bee dies!
Your killer bee's corpse dissolves into shadows!
The five-headed hydra misses your killer bee.
The kobold demonologist hits you with a +2 dagger of draining.
You die...
Your body crumbles into a pile of gold.

#.##### ##.. #. ### ##### .#
#.... #.# #.###
#.#######.### #########
#.##.........
##.....Dy######.##.####.#.#
##......#.y@K4.......)$....#
#.......######.......###....
............###...##.# ####.
.............###.###.## ##
........♣♣...# #.###..#
#.......~~...# #.##...#
##.....~♣~..~♣##+##...#
##...♣♣~~...PK.....#.☼#
###♣♣~~..~~~~~♣~$##..#


You could see a five-headed hydra, a rust devil (summoned), a kobold
demonologist (poisoned, corroded, ally target) and 2 friendly killer bees.

Vanquished Creatures
  Erica (D:8)
  Pikel (D:6)
  An efreet (D:8)
  2 trolls
  Grinder (D:3)
  Prince Ribbit (D:7)
  Sigmund (D:3)
  A steam dragon (D:7)
  2 water moccasins (D:8)
  Duvessa (D:7)
  2 ice beasts (D:6)
  A black bear (D:7)
  An ogre (D:5)
  3 centaurs
  A phantom (D:6)
  A bullfrog (D:7)
  2 scorpions
  5 wights (D:7)
  Dowan (D:7)
  5 killer bees (D:8)
  4 centaur zombies (Ossuary)
  3 electric eels
  5 hounds
  2 jellies
  An orc priest (D:7)
  A sleepcap (D:6)
  Jessica (D:2)
  2 gnoll boudas
  3 iguanas
  Natasha (thrice) (D:3)
  An orc wizard (D:2)
  5 mummies (Ossuary)
  Robin (D:3)
  9 adders
  8 gnolls
  2 shadow imps
  2 worms (D:2)
  2 dart slugs (D:1)
  12 orcs
  10 ball pythons
  10 bats
  4 endoplasms
  6 giant cockroaches
  15 goblins
  11 hobgoblins
  2 jackals (D:1)
  4 kobolds
  3 quokkas
  7 frilled lizards
  4 hobgoblin zombies (Ossuary)
  8 rats
185 creatures vanquished.

Notes
Turn   | Place    | Note
-------+----------+-------------------------------------------
     0 | D:1      | croobank the Octopode Transmuter began the quest for the
                  | Orb.
     0 | D:1      | Reached XP level 1. HP: 13/13 MP: 3/3
     3 | D:1      | Noticed an electric eel
     4 | D:1      | Noticed an electric eel
   150 | D:1      | Reached XP level 2. HP: 18/18 MP: 5/5
   153 | D:1      | Learned a level 2 spell: Wereblood
   695 | D:1      | Reached XP level 3. HP: 23/23 MP: 2/6
  1489 | D:2      | Reached XP level 4. HP: 22/29 MP: 4/7
  1870 | D:2      | Noticed Jessica
  1878 | D:2      | Killed Jessica
  1883 | D:2      | Found a broken altar of Ashenzari.
  1910 | D:2      | Reached XP level 5. HP: 32/34 MP: 5/9
  2437 | D:3      | Noticed Sigmund
  2475 | D:3      | Killed Sigmund
  2476 | D:3      | Reached XP level 6. HP: 25/42 MP: 10/10
  2759 | D:3      | Found an iron altar of Okawaru.
  2941 | D:3      | Noticed Natasha
  2950 | D:3      | Killed Natasha
  2992 | D:3      | Noticed Grinder
  2997 | D:3      | Paralysed by Grinder for 3 turns
  3028 | D:3      | Killed Grinder
  3029 | D:3      | Reached XP level 7. HP: 17/46 MP: 8/12
  3040 | D:3      | Noticed Robin
  3053 | D:3      | Killed Robin
  3069 | D:3      | Noticed Natasha
  3077 | D:3      | Killed Natasha
  3286 | D:3      | Identified a scroll of acquirement
  3286 | D:3      | Acquired a +6 ring of intelligence
  3294 | D:3      | Learned a level 4 spell: Ice Form
  3306 | D:3      | Noticed Natasha
  3526 | D:3      | Killed Natasha
  4136 | D:5      | Entered Level 5 of the Dungeon
  4153 | D:5      | Reached skill level 1 in Ice Magic
  4406 | D:5      | Found a stormy altar of Qazlal.
  4593 | D:5      | Reached XP level 8. HP: 31/54 MP: 11/14
  5031 | D:5      | Reached skill level 5 in Transmutations
  5040 | D:6      | Reached skill level 5 in Dodging
  5574 | D:6      | Found a runed translucent door.
  5575 | D:6      | Noticed Crazy Yiuf
  5771 | D:6      | Reached skill level 5 in Fighting
  5771 | D:6      | Reached skill level 5 in Spellcasting
  5773 | D:6      | Noticed Pikel
  5786 | D:6      | Killed Pikel
  5787 | D:6      | Reached XP level 9. HP: 61/61 MP: 8/16
  6015 | D:6      | Found a hide-covered altar of Uskayaw.
  6200 | D:7      | Found Plog's Island Escapes.
  6232 | D:7      | Found a sand-covered staircase.
  6236 | Ossuary  | Entered an ossuary
  6546 | D:7      | Found an opulent altar of Gozag.
  6547 | D:7      | Found a shimmering blue altar of Sif Muna.
  6569 | D:7      | Became a worshipper of Gozag Ym Sagoz the Greedy
  6638 | D:7      | Noticed Duvessa
  6639 | D:7      | Noticed Dowan
  6642 | D:7      | Noticed Prince Ribbit
  6645 | D:7      | Killed Duvessa
  6656 | D:7      | Killed Prince Ribbit
  6661 | D:7      | Killed Dowan
  7042 | D:7      | Got Xanoehac's Omnibus of the Transmuted Crevasse
  7073 | D:7      | Noticed a troll
  7470 | D:7      | Found a shimmering altar of Xom.
  7806 | D:7      | Killed a troll
  8027 | D:7      | Reached XP level 10. HP: 49/67 MP: 19/19
  8056 | D:7      | Found Misorgh's Magic Scroll Shoppe.
  8060 | D:7      | Bought a scroll of identify for 32 gold pieces
  8060 | D:7      | Bought a scroll of summoning for 152 gold pieces
  8265 | D:7      | Reached skill level 5 in Ice Magic
  8290 | D:7      | Found a staircase to the Ecumenical Temple.
  8657 | D:7      | Bought a scroll of enchant weapon for 120 gold pieces
  8734 | D:8      | Noticed Erica
  8781 | D:8      | Killed Erica
  8815 | D:8      | Found Boiroph's Tiny Tomes.
  9124 | D:8      | Noticed a kobold demonologist
  9130 | D:8      | Noticed a rust devil
  9130 | D:8      | Noticed a six-headed hydra
  9136 | D:8      | HP: 2/106 [five-headed hydra (8)]
  9138 | D:8      | Slain by a kobold demonologist

Illustrated notes

Levels and vault maps discovered:
D:1:      arrival_aquarium_b, layout_loops_ring
D:2:      layout_loops_ring, basic_altar, kennysheep_path_1, uniq_jessica
D:3:      layout_basic, mainiacjoe_overflow_alcove_4, uniq_natasha, uniq_robin,
          uniq_sigmund, uniq_grinder
D:4:      layout_gridville, grunt_decor_one_mirror, minmay_misc_feat_square
D:5:      layout_rooms, mainiacjoe_overflow_six_doors_small,
          minmay_misc_feat_plants
D:6:      layout_basic, nicolae_uskayaw_murder_on_the_dancefloor, uniq_pikel,
          uniq_crazy_yiuf_cottage
D:7:      layout_basic, mainiacjoe_overflow_small_starburst,
          nicolae_overflow_squiral, minmay_temple_entry_poolview,
          nicolae_ossuary_entry_false_entrances, serial_shops, shop,
          roderic_roman_lattice, st_stairs_6, nicolae_island_escapes,
          uniq_duvessa, uniq_prince_ribbit1
D:8:      layout_loops_corners, lair_entry_dummy,
          nicolae_shop_i_like_small_books_too, nrook_campfire,
          serial_bayou_ford_a, minmay_misc_feat_diagonals, serial_bayou_pond_b,
          minmay_pinched_square, uniq_erica, uniq_amaemon, uniq_psyche

Skill      XL: |  1  2  3  4  5  6  7  8  9 10 |
---------------+-------------------------------+-----
Fighting       | 2 3 4 5 6 7 |  7.2
Transmutations | 3 4 5 6 7 |  7.5
Dodging        | 3 4 5 6 7 |  7.4
Spellcasting   | 3 4 5 6 |  6.8
Ice Magic      | 1 3 4 5 |  5.0
Unarmed Combat | |  3.4

Action                     |  1- 3 |  4- 6 |  7- 9 | 10-12 || total
---------------------------+-------+-------+-------+-------++-------
  Melee: Unarmed           |    10 |       |    51 |       ||    61
         Kick              |    18 |    32 |    66 |    16 ||   132
         Tentacles         |    15 |    23 |    51 |    20 ||   109
         Constrict         |    22 |    32 |    41 |    16 ||   111
         Dagger            |    69 |   106 |       |       ||   175
         Punch             |     1 |     4 |     8 |     7 ||    20
         Short sword       |       |    11 |   219 |    66 ||   296
         Scimitar          |       |       |       |     3 ||     3
   Fire: Sling             |       |       |     3 |       ||     3
   Cast: Beastly Appendage |    20 |    23 |    29 |     5 ||    77
         Wereblood         |    17 |    22 |    34 |     6 ||    79
         Ice Form          |       |       |     6 |       ||     6
  Evoke: Wand              |       |       |    10 |     8 ||    18
    Use: Potion            |       |     6 |     7 |     6 ||    19
         Scroll            |       |     2 |    14 |     9 ||    25
   Stab: Sleeping          |     6 |     3 |     5 |       ||    14
 Armour: Skin              |    21 |    37 |    78 |    12 ||   148
  Dodge: Dodged            |    54 |    56 |   210 |    63 ||   383
  Block: Other             |       |    11 |    89 |    23 ||   123
         Reflection        |       |       |     3 |       ||     3
